Map: Flooded City

Players

Mesrob

  • Race: Terran Terran
  • Spawn Location: 12:00

Subwaymaker

  • Race: Protoss Protoss
  • League: Silver
  • Spawn Location: 12:00

Doomraven

  • Race: Zerg Zerg
  • League: Silver
  • Spawn Location: 6:00

CrisCdena

  • Race: Protoss Protoss
  • League: Silver
  • Spawn Location: 6:00

VOD

Have the link to the VOD?

Description

Time

  • Played on: Jan. 6, 2019, 5:10 p.m.
  • Length: 14:31
Show
View Real Time Build Order
Export as new Build Order

Mesrob Terran 

Build Orders:  

Get SALT Encoding   

  12  0:01  SCV  
  13  0:20  Supply Depot, SCV  
  14  0:33  SCV  
  15  0:38  Refinery  
  15  0:43  Barracks  
  15  0:53  SCV  
  16  1:05  SCV  
  17  1:12  Barracks  
  17  1:17  SCV  
  18  1:38  Barracks Tech Lab  
  18  1:45  Orbital Command  
  18  1:53  Refinery  
  17  2:12  Marauder  
  17  2:13  Marine  
  17  2:14  Factory  
  20  2:31  SCV  
  21  2:50  Marine  
  22  3:03  Barracks Reactor  
  22  3:07  Supply Depot  
  22  3:14  SCV  
  22  3:15  Supply Depot  
  23  3:28  Siege Tank, SCV  
  27  3:35  Marine  
  27  3:37  Supply Depot  
  27  3:40  Marine x2, SCV  
  31  3:47  Supply Depot  
  31  3:52  SCV  
  31  3:53  Marine  
  33  3:57  Marine  
  34  4:05  SCV  
  34  4:07  Marine  
  34  4:08  Siege Tank  
  39  4:11  Marine  
  39  4:13  Supply Depot  
  39  4:15  Marine  
  42  4:17  SCV  
  42  4:27  Refinery  
  42  4:29  SCV  
  43  4:37  Marine  
  44  4:39  Marine x2  
  44  4:41  SCV  
  44  4:42  Siege Tank  
  50  4:53  SCV  
  51  5:05  Marine x2  
  51  5:06  Marine  
  54  5:14  Siege Tank  
  57  5:17  Command Center  
  57  5:20  SCV  
  58  5:32  SCV  
  47  6:14  Marine x3  
  47  6:20  Siege Tank  
  49  6:32  Marine x3  
  44  6:53  Siege Tank  
  38  7:14  SCV  
  39  7:19  SCV  
  40  7:25  Refinery  
  40  7:26  SCV  
  40  7:27  Marine x3  
  44  7:31  Siege Tank  
  47  7:44  Marine  
  47  7:45  Marine x2  
  50  8:02  Marine  
  50  8:03  Marine x2, Siege Tank  
  56  8:05  SCV  
  57  8:15  Orbital Command  
  57  8:20  Marine x2  
  57  8:21  Marine  
  60  8:31  Barracks  
  60  8:38  Marine x3, Starport  
  63  8:47  Supply Depot  
  63  8:54  SCV  
  64  8:56  Marine x3  
  64  9:00  SCV  
  68  9:09  Supply Depot  
  68  9:12  SCV  
  68  9:14  Marine  
  70  9:25  Starport Reactor  
  70  9:31  Supply Depot  
  70  9:53  Supply Depot  
  70  9:56  Barracks Tech Lab  
  70  9:57  Barracks Tech Lab, Siege Tank  
  73  10:29  Siege Tank  
  42  10:51  Marine  
  42  10:52  Marine x3  
  42  10:53  Viking  
  42  10:54  Viking  
  50  11:01  Siege Tank  
  50  11:02  Engineering Bay  
  53  11:05  SCV  
  53  11:09  Marine x4  
  58  11:17  SCV  
  59  11:23  Viking x2  
  63  11:33  Siege Tank  
  63  11:35  Command Center  
  66  11:40  Marine x2  
  66  11:41  Marine x2  
  70  11:53  Viking x2  
  74  11:58  Marine x4  
  78  12:03  SCV  
  78  12:05  Siege Tank  
  82  12:15  SCV  
  83  12:16  Marine x4  
  87  12:23  Viking x2  
  91  12:33  Marine  
  91  12:34  Marine x2  
  73  13:39  Viking  
  61  13:48  Viking  
Show
View Real Time Build Order
Export as new Build Order

Subwaymaker Protoss 

Build Orders:  

Get SALT Encoding   

  1  0:00  Probe  
  12  0:06  Probe  
  14  0:30  Assimilator  
  14  0:33  Pylon  
  14  0:37  Probe  
  15  0:55  Gateway  
  15  0:58  Probe  
  15  0:59  Pylon  
  16  1:06  Probe  
  17  1:15  Probe  
  18  1:28  Probe  
  19  1:40  Probe  
  20  1:48  Cybernetics Core  
  20  1:52  Probe, Gateway  
  21  1:54  Pylon  
  21  1:57  Assimilator  
  21  2:01  Probe  
  21  2:03  Zealot  
  24  2:09  Probe  
  25  2:18  Probe  
  26  2:30  Probe  
  27  2:38  Twilight Council  
  27  2:47  Gateway  
  27  3:01  Probe  
  28  3:10  Probe  
  28  3:14  Warp Gate, Stalker  
  28  3:15  Sentry  
  28  3:17  Charge  
  28  3:19  Probe  
  33  3:26  Pylon  
  34  3:31  Pylon  
  34  3:33  Pylon  
  34  3:38  Gateway  
  34  3:41  Zealot  
  36  3:59  Zealot  
  36  4:00  Zealot  
  40  4:44  Pylon  
  40  4:53  Probe  
  41  5:05  Probe  
  42  5:16  Nexus  
  42  5:17  Probe  
  42  5:18  Pylon  
  42  5:20  Pylon  
  42  5:21  Zealot  
  45  5:22  Zealot x3  
  45  5:23  Pylon  
  51  5:29  Probe  
  52  5:41  Probe  
  52  5:42  Zealot  
  55  5:43  Zealot x3  
  61  5:53  Probe  
  58  6:05  Probe  
  55  6:14  Zealot x2  
  55  6:15  Zealot x2  
  34  6:36  Zealot x3  
  34  6:37  Zealot  
  26  6:51  Probe  
  27  6:59  Probe  
  27  7:04  Probe  
  27  7:07  Probe  
  29  7:14  Probe  
  30  7:16  Probe  
  30  7:17  Blink  
  30  7:20  Protoss Air Weapons Level 1  
  30  7:22  Probe  
  32  7:24  Probe  
  34  7:30  Probe  
  34  7:33  Assimilator, Probe  
  36  7:42  Probe  
  37  7:53  Sentry  
  37  7:54  Sentry  
  37  7:55  Sentry  
  37  7:56  Sentry, Probe  
  45  8:04  Probe  
  47  8:14  Probe  
  47  8:17  Templar Archives  
  48  8:22  Pylon  
  48  8:23  Pylon  
  48  8:26  Pylon  
  48  8:31  Probe  
  48  8:39  Probe  
  49  8:46  Assimilator  
  49  8:48  Probe  
  50  8:52  Robotics Facility  
  50  8:54  Robotics Facility  
  51  8:56  Probe, Psionic Storm  
  51  8:58  Probe  
  53  9:04  Probe  
  53  9:06  Probe  
  54  9:10  High Templar  
  54  9:11  High Templar  
  54  9:12  High Templar x2  
  54  9:15  Probe  
  54  9:16  Probe  
  64  9:18  Archon  
  64  9:21  Archon  
  65  9:27  Probe  
  65  9:28  Probe  
  67  9:40  Probe  
  68  9:46  Immortal  
  68  9:48  Probe  
  73  9:55  Probe  
  73  9:56  Probe  
  74  10:02  Adept  
  74  10:03  Adept x2  
  74  10:04  Adept  
  74  10:06  Probe  
  83  10:07  Probe  
  85  10:19  Probe  
  86  10:28  Probe  
  87  10:36  Probe  
  88  11:06  Stalker  
  88  11:07  Stalker x3  
  96  11:21  Immortal x2  
  104  11:37  Robotics Bay, Probe  
  104  11:45  Probe  
  105  11:49  Pylon  
  105  11:52  Pylon  
  106  11:56  Stalker, Forge  
  106  11:57  Stalker x3, Forge  
  106  12:00  Immortal  
  118  12:09  Resonating Glaives  
  118  12:24  Pylon  
  118  12:37  Nexus  
  118  12:39  Colossus x2  
  118  12:40  Pylon  
  118  12:42  Pylon  
  118  12:45  Pylon  
  118  12:47  Assimilator  
  130  12:57  High Templar  
  120  13:27  Colossus x2  
  132  13:39  Probe  
  133  13:51  Probe  
  76  14:03  Probe  
  71  14:15  Probe  
  72  14:25  Stalker  
  72  14:27  Stalker x2  
Show
View Real Time Build Order
Export as new Build Order

Doomraven Zerg 

Build Orders: Pool First, Swarm Host 

Get SALT Encoding   

  12  0:01  Drone  
  13  0:08  Drone  
  14  0:15  Extractor  
  14  0:17  Drone  
  15  0:34  Spawning Pool  
  14  0:39  Extractor, Drone  
  15  0:47  Overlord  
  15  0:54  Overlord  
  15  1:16  Drone  
  16  1:19  Drone  
  16  1:23  Drone  
  18  1:26  Hatchery  
  18  1:29  Zergling x2  
  18  1:38  Queen  
  20  1:44  Zergling x2  
  21  1:53  Extractor  
  20  1:58  Zergling x2  
  21  2:03  Zergling x2  
  22  2:14  Queen  
  24  2:18  Drone  
  24  2:22  Drone  
  27  2:37  Drone  
  27  2:42  Drone  
  27  2:43  Roach Warren  
  27  2:44  Queen  
  29  2:52  Overlord  
  29  2:58  Overlord  
  29  3:06  Drone  
  29  3:08  Evolution Chamber  
  29  3:09  Zergling x2  
  30  3:13  Zergling x2  
  30  3:19  Queen, Drone  
  32  3:20  Drone  
  32  3:24  Drone  
  36  3:27  Zergling x2  
  36  3:33  Zergling x2  
  36  3:34  Zergling x2  
  39  3:38  Drone  
  40  3:43  Drone  
  40  3:44  Drone  
  42  3:59  Extractor, Drone  
  42  4:00  Overlord  
  42  4:02  Roach x2  
  46  4:07  Metabolic Boost  
  47  4:10  Drone  
  47  4:17  Spine Crawler  
  46  4:29  Drone x3  
  49  4:35  Spine Crawler  
  49  4:36  Spore Crawler  
  47  4:44  Spore Crawler  
  46  4:48  Spore Crawler  
  46  4:49  Drone x2  
  46  4:51  Spore Crawler  
  46  4:52  Drone  
  47  5:12  Drone x2  
  49  5:17  Drone x2  
  49  5:19  Hatchery  
  49  5:20  Drone  
  51  5:31  Roach x2  
  51  5:33  Burrow  
  55  5:36  Roach  
  57  5:48  Zergling x6  
  56  5:58  Zergling x6  
  53  6:06  Roach x2  
  53  6:07  Roach x2  
  49  6:21  Drone  
  49  6:22  Roach  
  51  6:34  Drone  
  51  6:35  Queen  
  51  6:38  Zergling x2  
  51  6:39  Zergling x2  
  45  6:49  Drone x4  
  47  7:11  Queen  
  49  7:16  Drone x2  
  49  7:17  Drone  
  52  7:26  Lair  
  52  7:29  Roach x3  
  58  7:39  Overlord x4  
  58  7:49  Spine Crawler  
  57  7:57  Queen, Roach  
  57  7:58  Roach x2  
  65  8:00  Roach x2  
  69  8:06  Drone x4  
  73  8:13  Extractor  
  73  8:15  Drone x2  
  73  8:16  Extractor, Drone  
  74  8:20  Zerg Missile Weapons Level 1  
  74  8:26  Evolution Chamber  
  73  8:29  Infestation Pit  
  73  8:32  Queen  
  74  8:36  Drone  
  74  8:38  Drone  
  76  8:42  Drone  
  76  8:43  Drone  
  78  8:48  Hydralisk Den  
  78  8:50  Spore Crawler  
  78  8:52  Spore Crawler  
  78  8:54  Drone  
  78  8:55  Drone  
  77  8:56  Spore Crawler  
  77  8:58  Drone x2  
  77  8:59  Drone  
  79  9:14  Roach  
  81  9:28  Drone  
  78  9:37  Spine Crawler  
  77  9:39  Spine Crawler  
  77  9:41  Spore Crawler  
  77  9:42  Drone x3  
  77  9:43  Spine Crawler  
  77  9:56  Swarm Host  
  77  9:57  Swarm Host x3  
  77  9:59  Nydus Network  
  88  10:00  Overlord x5  
  88  10:01  Overlord x6  
  88  10:02  Overlord  
  88  10:03  Overlord  
  88  10:04  Overlord  
  88  10:10  Drone  
  89  10:15  Zerg Melee Weapons Level 1  
  89  10:18  Spore Crawler  
  89  10:19  Drone  
  89  10:20  Drone x4  
  93  10:24  Extractor  
  93  10:26  Extractor  
  71  10:53  Drone x3  
  74  10:57  Drone x2  
  74  10:58  Drone  
  74  11:02  Swarm Host x5  
  74  11:03  Swarm Host x5  
  107  11:07  Swarm Host  
  107  11:10  Swarm Host  
  113  11:22  Spine Crawler  
  113  11:25  Spine Crawler  
  111  11:26  Drone x4  
  111  11:27  Drone  
  111  11:31  Pneumatized Carapace  
  116  11:40  Hydralisk  
  116  11:41  Hydralisk x2  
  122  11:55  Hydralisk  
  122  11:56  Hydralisk x4  
  132  12:06  Nydus Canal  
  132  12:12  Drone x3  
  135  12:20  Hatchery  
  134  12:49  Nydus Canal  
  134  13:04  Hydralisk  
  134  13:05  Hydralisk x6  
  140  13:06  Hydralisk x6  
  140  13:07  Hydralisk x3  
  166  13:14  Nydus Canal  
  157  14:12  Nydus Canal  
Show
View Real Time Build Order
Export as new Build Order

CrisCdena Protoss 

Build Orders:  

Get SALT Encoding   

  1  0:00  Probe  
  13  0:16  Pylon  
  13  0:18  Probe  
  14  0:30  Probe  
  15  0:37  Gateway  
  15  0:45  Assimilator, Probe  
  16  0:56  Probe  
  17  1:04  Probe  
  18  1:12  Probe  
  19  1:24  Probe  
  20  1:30  Cybernetics Core  
  20  1:34  Assimilator  
  20  1:36  Probe  
  20  1:39  Zealot  
  23  1:48  Pylon  
  23  2:06  Probe  
  24  2:17  Stargate  
  24  2:18  Probe  
  25  2:26  Stalker  
  27  2:43  Gateway  
  27  2:45  Forge  
  27  2:57  Pylon  
  27  3:02  Void Ray  
  31  3:28  Stargate  
  31  3:39  Stalker  
  33  4:00  Pylon  
  33  4:05  Pylon  
  33  4:07  Protoss Air Weapons Level 1  
  33  4:12  Nexus  
  33  4:15  Assimilator  
  33  4:20  Assimilator  
  33  4:21  Void Ray  
  37  4:46  Probe  
  37  4:50  Photon Cannon  
  38  4:55  Probe  
  39  5:00  Stalker  
  39  5:04  Probe  
  42  5:16  Probe  
  42  5:18  Void Ray  
  47  5:28  Probe  
  47  5:30  Void Ray  
  32  6:24  Void Ray  
  32  6:25  Void Ray  
  36  6:43  Probe  
  36  6:45  Stargate  
  37  6:51  Probe  
  37  6:59  Probe  
  38  7:03  Probe  
  38  7:07  Probe  
  41  7:16  Probe x2  
  41  7:18  Void Ray  
  41  7:20  Void Ray  
  51  7:28  Probe x2  
  53  7:40  Probe  
  54  7:44  Pylon  
  54  7:46  Pylon  
  54  7:51  Photon Cannon  
  54  7:52  Probe  
  55  8:05  Pylon  
  55  8:24  Void Ray x3  
  67  8:35  Nexus  
  67  8:44  Pylon  
  67  8:46  Pylon  
  67  8:53  Stargate  
  67  8:56  Stargate  
  67  8:57  Pylon  
  67  9:21  Void Ray x2  
  75  9:38  Photon Cannon  
  75  9:40  Photon Cannon  
  75  9:41  Photon Cannon  
  75  9:52  Pylon  
  75  9:54  Photon Cannon  
  75  9:56  Probe  
  76  10:01  Assimilator  
  76  10:04  Probe  
  76  10:05  Assimilator  
  76  10:06  Probe  
  78  10:14  Void Ray x3, Probe  
  78  10:18  Probe  
  92  10:26  Probe  
  93  10:30  Probe  
  93  10:32  Pylon  
  94  10:36  Pylon  
  94  10:38  Probe  
  94  10:40  Photon Cannon  
  94  10:42  Probe  
  96  10:43  Photon Cannon  
  96  10:53  Probe  
  96  10:54  Probe  
  98  11:01  Probe  
  98  11:06  Void Ray  
  98  11:07  Void Ray x2  
  98  11:11  Probe  
  111  11:18  Protoss Air Armor Level 1  
  112  11:23  Probe  
  113  11:28  Fleet Beacon  
  113  11:31  Pylon  
  113  11:35  Probe  
  114  12:06  Void Ray x2  
  114  12:07  Void Ray  
  126  12:14  Nexus  
  126  12:18  Pylon  
  126  12:21  Pylon  
  126  12:23  Pylon  
Tags
 
Add a new tag
Caveats
  • Supply blocks, unpowered buildings, or Contaminate may cause inaccurate times.
  • Supply counts are checked every 10 seconds.